 Dungeon Sprint DCSS version 0.18-a0-1354-gbc5753f (webtiles) character file.

182 Kidiri the Covert (level 5, 0/36 (39) HPs)
             Began as a Spriggan Enchanter on Feb 19, 2016.
             Slain by a necrophage (3 damage)
             ... in the Dungeon (Sprint II: "The Violet Keep of Menkaure").
             The game lasted 00:01:19 (165 turns).

Kidiri the Covert (Spriggan Enchanter)               Turns: 165, Time: 00:01:19

HP:   0/36 (39)     AC:  3    Str:  9    XL:     5   Next: 34%
MP:   10/14         EV: 22    Int: 17    God:
Gold: 243           SH:  0    Dex: 17    Spells: 2 memorised, 12 levels left

rFire  . . .     SeeInvis +     a - +1 dagger
rCold  . . .     Gourm    .     b - +1 robe
rNeg   . . .     Faith    .     (shield restricted)
rPois  .         Spirit   .     (helmet restricted)
rElec  .         Dismiss  .     (no cloak)
rCorr  .         Reflect  .     (gloves unavailable)
SustAt .         Harm     .     (boots unavailable)
MR     .....     NoTele   +     (no amulet)
Stlth  ..........               (no ring)
                                (no ring)

@: berserking (expiring), very quick, not resistant to hostile enchantments,
extremely unstealthy
A: unfitting armour, see invisible, herbivore 3, speed 3, slow metabolism 2
a: no special abilities


You were in the Dungeon.
You were not hungry.

You visited 1 branch You collected 243 gold pieces.

Inventory:

Hand Weapons
 a - a +1 dagger (weapon)
Armour
 b - a +1 robe (worn)
Scrolls
 j - a scroll of blinking
Potions
 e - a potion of curing
 f - a potion of heal wounds
 g - a potion of haste
 h - 2 potions of magic
Books
 c - a book of Maledictions

   Spells                             Type                      Level
   a - Corona                         Hexes                        1
   b - Ensorcelled Hibernation        Hexes/Ice                    2
   c - Confuse                        Hexes                        3
   d - Tukima's Dance                 Hexes                        3
   e - Dazzling Spray                 Conjuration/Hexes            3
Comestibles
 d - a bread ration


   Skills:
 + Level 2.2 Fighting
 * Level 4.9 Short Blades
 + Level 2.1 Armour
 * Level 7.1 Dodging
 * Level 8.5 Stealth
 * Level 5.9 Spellcasting
 + Level 5.1 Hexes
 + Level 2.1 Ice Magic


You had 12 spell levels left.
You knew the following spells:

 Your Spells              Type           Power        Failure   Level  Hunger
a - Corona                Hex            ###....      1%          1    None
b - Ensorcelled Hibernat  Hex/Ice        ###...       4%          2    None


Dungeon Overview and Level Annotations

Branches:
Dungeon (1/1)

Altars:


Innate Abilities, Weirdness & Mutations

You are tiny and cannot use many weapons and most armour.
You have supernaturally acute eyesight.
You are an herbivore.
You cover ground extremely quickly.
You need consume almost no food.


Message History

You barely miss the necrophage.
The necrophage is moderately damaged.
The necrophage closely misses you.
You barely miss the necrophage.
The necrophage is moderately damaged.
You hit the necrophage.
The necrophage is heavily damaged.
The necrophage completely misses you.
You hit the necrophage.
The necrophage is heavily damaged.
You hit the necrophage.
The necrophage is almost destroyed.
The necrophage hits you.
* * * LOW HITPOINT WARNING * * *
You barely miss the necrophage.
The necrophage is almost destroyed.
You closely miss the necrophage.
The necrophage is almost destroyed.
The necrophage hits you.
You die...

##+# ##..###
#%.##%# #
##.#.## # ##.
##+## .##
#..n##.##.B$#
#n@<.+#
#...##.##.B.#
##. #+# .## #
.$3 # 33##3
### ##


You could see 2 necrophages.

Vanquished Creatures
  2 necrophages (D)
  3 worms (D)
5 creatures vanquished.

Vanquished Creatures (others)
  A crocodile (D)
1 creature vanquished.

Grand Total: 6 creatures vanquished

Notes
Turn   | Place    | Note
--------------------------------------------------------------
     0 | D        | Kidiri the Spriggan Enchanter began the quest for the Orb.
     0 | D        | Reached XP level 1. HP: 9/9 MP: 5/5
     6 | D        | Reached skill level 5 in Stealth
    29 | D        | Killed a crocodile
   113 | D        | Reached XP level 2. HP: 14/14 MP: 7/7
   117 | D        | Learned a level 2 spell: Ensorcelled Hibernation
   130 | D        | Noticed a necrophage
   130 | D        | Noticed a necrophage
   130 | D        | Noticed a necrophage
   130 | D        | Noticed a necrophage
   133 | D        | Noticed a neqoxec
   133 | D        | Noticed a neqoxec
   133 | D        | Noticed a neqoxec
   133 | D        | Noticed a neqoxec
   136 | D        | Noticed a boulder beetle
   136 | D        | Noticed a boulder beetle
   148 | D        | Killed a necrophage
   148 | D        | Reached skill level 1 in Fighting
   148 | D        | Reached skill level 1 in Armour
   148 | D        | Reached skill level 5 in Dodging
   148 | D        | Reached skill level 7 in Stealth
   148 | D        | Reached skill level 1 in Ice Magic
   148 | D        | Reached XP level 3. HP: 15/17 MP: 8/10
   148 | D        | Reached XP level 4. HP: 19/22 MP: 8/11
   157 | D        | Killed a necrophage
   157 | D        | Reached skill level 8 in Stealth
   157 | D        | Reached skill level 5 in Spellcasting
   157 | D        | Reached skill level 5 in Hexes
   157 | D        | Reached XP level 5. HP: 6/24 MP: 9/14
   165 | D        | Slain by a necrophage

Vault maps used:
D:        the_violet_keep_of_menkaure

Action                   |  1- 3 |  4- 6 || total
-------------------------+-------+-------++-------
Melee: Dagger            |     8 |    17 ||    25
  Use: Potion            |     1 |       ||     1
 Stab: Sleeping          |     3 |       ||     3
